 Dungeon Crawl Stone Soup version 0.29-a0-557-g43b9904bd1 (webtiles) character file.

Game seed: 6405923954236925496

59 porpoise the Skirmisher (level 3, -5/29 HPs)
             Began as a Demonspawn Fighter on June 9, 2022.
             Succumbed to a scorpion's poison
             ... on level 3 of the Dungeon.
             The game lasted 00:07:02 (1875 turns).

porpoise the Skirmisher (Demonspawn Fighter)        Turns: 1875, Time: 00:07:02

Health: -5/29      AC:  7    Str: 18    XL:     3   Next: 78%
Magic:  3/3        EV: 13    Int:  9    God:
Gold:   100        SH:  5    Dex: 14    Spells: 2/2 levels left

rFire   . . .      SeeInvis .   a - +0 trident
rCold   . . .      Faith    .   c - +0 buckler
rNeg    . . .      Spirit   .   b - +0 scale mail
rPois   .          Reflect  .   (no helmet)
rElec   .          Harm     .   (no cloak)
rCorr   .          Rampage  .   n - +0 pair of gloves
Will    .....                   (no boots)
Stlth   +.........              (no amulet)
HPRegen 0.09/turn               l - +4 ring of evasion
MPRegen 0.16/turn               (no ring)

@: mighty, lethally poisoned (-5 -> -25), slowed, very slow
A: thin skeletal structure 1, magic regeneration
a: no special abilities


You were on level 3 of the Dungeon.
You visited 1 branch of the dungeon, and saw 3 of its levels.

You collected 100 gold pieces.

Inventory:

Hand Weapons
 a - a +0 trident (weapon)
Missiles
 o - 4 poisoned darts (quivered)
Armour
 b - a +0 scale mail (worn)
 c - a +0 buckler (worn)
 n - a +0 pair of gloves (worn)
Jewellery
 l - a +4 ring of evasion (left hand)
Scrolls
 e - a scroll of teleportation {unknown}
 g - a scroll of torment {unknown}
 i - a scroll of brand weapon {unknown}
 p - a scroll of fear {unknown}
Potions
 f - a potion of heal wounds {unknown}
 h - a potion of attraction {unknown}
 j - 2 potions of curing {unknown}
 k - a potion of degeneration {unknown}
 m - 2 potions of mutation {unknown}


   Skills:
 + Level 3.5 Fighting
 * Level 3.0 Polearms
 - Level 2.6 Armour
 + Level 3.1 Shields


You had 2 spell levels left.
You didn't know any spells.
Your spell library was empty.

Dungeon Overview and Level Annotations

Branches:
Dungeon (3/15)

Altars:
Trog

Shops:
D:1 ?

Annotations:
D:3 Natasha


Innate Abilities, Weirdness & Mutations

You have a somewhat thin skeletal structure. (Dex +2, Stealth+)
You regenerate magic rapidly.


Message History

The scorpion stings you but does no damage.
Natasha casts a spell.
The scorpion stings you but does no damage.
You miss Natasha.
Natasha is lightly wounded.
The scorpion stings you.
Natasha stares at you and mumbles some strange words.
You feel as though you will be slow longer.
The shadow imp laughs crazily.
The scorpion stings you but does no damage.
You block Natasha's attack.
You closely miss Natasha.
Natasha is moderately wounded.
The scorpion stings you.
You are poisoned.
The scorpion poisons you! Natasha claws you. The scorpion barely misses you.
The shadow imp laughs crazily.
The white imp spits at you. Natasha barely misses you.
You barely miss Natasha.
Natasha is moderately wounded.
You feel very sick. The scorpion completely misses you.
Natasha claws you but does no damage.
The scorpion stings you but does no damage.
You puncture the scorpion!
The scorpion is almost dead.
You feel very sick.
Natasha looks more healthy.
The scorpion misses you. You block Natasha's attack.
The shadow imp shouts, "Despond, thou mangled milk-livered fustilarian!"
The scorpion stings you.
You are lethally poisoned!
The scorpion poisons you!
Natasha mewls in sadness.
Natasha casts a spell at you. The magic dart hits you!
* * * LOW HITPOINT WARNING * * *
You closely miss the scorpion.
The scorpion is severely wounded.
You die...

#############
............# ######
#.#########.#####5...#####
#(# #......#h........ #.#
#......@s5....(.. #.#
#..######...♣♣.. ...
#..#.......♣..♣ ...
.(....###...♣ .... #..#
.....# ..... .. ....
......# #.#.... ....
####.## #.#..... #.#######
#.


You could see a scorpion, Natasha, a white imp (summoned) and a shadow imp
(summoned).

Vanquished Creatures
  2 adders
  2 dart slugs (D:3)
  6 bats
  2 endoplasms (D:2)
  4 giant cockroaches
  3 goblins (D:1)
  2 hobgoblins
  3 jackals
  3 quokkas (D:1)
  2 ball pythons (D:2)
  A frilled lizard (D:3)
  A kobold (D:1)
  4 rats (D:2)
35 creatures vanquished.

Notes
Turn   | Place    | Note
-------+----------+-------------------------------------------
     0 | D:1      | porpoise the Demonspawn Fighter began the quest for the
                  | Orb.
     0 | D:1      | Reached XP level 1. HP: 18/18 MP: 1/1
   266 | D:1      | Gained mutation: You regenerate magic rapidly. [demonic
                  | ancestry]
   266 | D:1      | Reached XP level 2. HP: 24/24 MP: 2/2
   631 | D:1      | Found a faded altar of an unknown god.
   711 | D:1      | Found Moeguis's Magic Scroll Shop.
  1302 | D:2      | Found a bloodstained altar of Trog.
  1355 | D:2      | Gained mutation: You have a somewhat thin skeletal
                  | structure. (Dex +2, Stealth+) [demonic ancestry]
  1355 | D:2      | Reached XP level 3. HP: 29/29 MP: 3/3
  1864 | D:3      | Noticed Natasha
  1865 | D:3      | Noticed a scorpion
  1875 | D:3      | Succumbed to a scorpion's poison

Illustrated notes

Levels and vault maps discovered:
D:1:      minmay_arrival_checkered_box, layout_loops_ring,
          hellmonk_ecumenical_altar_dog_temple, serial_shops, nicolae_shop_trees
D:2:      layout_rooms, basic_altar, minmay_bisected
D:3:      layout_loops_ring, grunt_gozag_breadcrumbs, amcnicky_mini_pool_small,
          chequers_serial_rivers_small_a, chequers_garden, uniq_natasha

Skill      XL: |  1  2  3 |
---------------+----------+-----
Polearms       | 2 3 |  3.0
Shields        | 3 |  3.1
Fighting       | |  3.5
Armour         | |  2.6

Action                   || total
-------------------------++-------
Melee: Trident           ||   118
Throw: Dart              ||     2
  Use: Potion            ||     1
 Stab: Sleeping          ||     1
Armor: Scale mail        ||    47
Dodge: Dodged            ||    46
Block: Buckler           ||    20

Table legend: (Time is in decaauts)
 A = Elapsed time spent in this place.
 B = Non-inter-level travel time spent in this place.
 C = Inter-level travel time spent in this place.
 D = Time resting spent in this place.
 E = Time spent auto-exploring this place.
 F = Levels seen in this place.
 G = Mean time per level.
                   A        B        C        D        E       F      G
               +--------+--------+--------+--------+--------+-----+--------+
         Total |   1903 |   1877 |     26 |    479 |   1067 |   3 |  634.3 |
       Dungeon |   1903 |   1877 |     26 |    479 |   1067 |   3 |  634.3 |
               +--------+--------+--------+--------+--------+-----+--------+

Top non-repeatable levels by time:
     D:1: 1057 daAuts
     D:2: 556 daAuts
     D:3: 289 daAuts
